Map: Eternal Empire LE

Players

INnoVation

  • Race: Terran Terran
  • Spawn Location: 1:00

LiquidClem (Clem) - Winner!

  • Race: Terran Terran
  • Spawn Location: 7:00

Event: StayAtHomestory Cup #2

VOD

Have the link to the VOD?

Description

Time

  • Played on: June 13, 2020, 1:46 p.m.
  • Length: 24:40

All games in this series

Show
View Real Time Build Order
Export as new Build Order

INnoVation Terran 

Build Orders: 2 Factory, Cyclone Opening, Mech 

Get SALT Encoding   

  12  0:00  SCV  
  13  0:13  SCV  
  14  0:17  Supply Depot  
  14  0:25  SCV  
  15  0:39  SCV, Barracks  
  16  0:44  Refinery  
  16  0:51  SCV  
  16  0:54  Refinery  
  17  1:03  SCV  
  18  1:15  SCV  
  19  1:27  Reaper, Orbital Command  
  19  1:28  Supply Depot  
  20  1:43  Factory  
  20  1:53  SCV  
  21  1:59  Reaper  
  22  2:05  SCV  
  23  2:17  Command Center  
  23  2:20  SCV  
  24  2:27  Hellion  
  26  2:31  Barracks Tech Lab  
  26  2:32  SCV  
  27  2:37  Supply Depot  
  27  2:44  SCV  
  28  2:55  Cyclone  
  28  2:56  Mag-Field Accelerator  
  31  2:59  SCV  
  32  3:10  Refinery  
  32  3:11  SCV  
  33  3:15  Factory  
  33  3:23  SCV  
  34  3:28  Cyclone  
  34  3:31  Orbital Command  
  34  3:33  Barracks Tech Lab  
  37  3:37  SCV  
  38  3:51  SCV  
  39  3:59  SCV  
  43  4:02  Cyclone  
  43  4:03  SCV  
  43  4:09  Cyclone  
  47  4:11  SCV  
  47  4:15  SCV  
  47  4:16  Supply Depot  
  47  4:23  SCV  
  47  4:27  SCV  
  47  4:35  SCV, Cyclone  
  51  4:38  Supply Depot  
  51  4:39  SCV  
  51  4:41  Cyclone  
  55  4:47  SCV  
  55  4:52  SCV, Command Center  
  57  4:58  Refinery  
  57  5:00  SCV  
  57  5:04  SCV  
  57  5:05  Barracks Reactor  
  59  5:08  Starport  
  59  5:09  Supply Depot  
  59  5:15  SCV  
  59  5:16  SCV  
  59  5:19  Cyclone x2  
  66  5:27  SCV  
  66  5:28  SCV  
  67  5:39  SCV  
  67  5:40  SCV  
  69  5:43  Supply Depot  
  69  5:51  Cyclone x2  
  69  5:52  SCV  
  69  5:53  SCV  
  77  5:57  Supply Depot  
  77  6:06  SCV x2  
  79  6:12  Liberator x2  
  82  6:19  SCV x2  
  84  6:26  Orbital Command  
  84  6:28  Factory  
  84  6:31  SCV x2  
  86  6:33  Siege Tank  
  86  6:35  Barracks Reactor  
  86  6:36  Refinery, Siege Tank  
  86  6:38  Refinery  
  92  6:42  Engineering Bay  
  92  6:43  SCV x2  
  94  6:53  SCV  
  92  6:55  SCV x2  
  92  6:57  Supply Depot  
  92  6:58  Supply Depot  
  94  7:08  SCV x3  
  94  7:12  Armory  
  94  7:13  Armory  
  91  7:20  SCV  
  91  7:21  SCV x2  
  91  7:22  Siege Tank x2  
  91  7:30  Sensor Tower  
  91  7:34  SCV x3  
  94  7:39  Supply Depot  
  94  7:41  Viking x2  
  98  7:46  SCV  
  98  7:47  SCV x2  
  98  7:49  Hellion x2  
  102  8:00  Siege Tank x2  
  102  8:01  Terran Vehicle Weapons Level 1, Terran Vehicle And Ship Armor Level 1  
  102  8:02  SCV x3  
  111  8:16  Hellion x2, Factory  
  111  8:17  Factory  
  115  8:22  Barracks Reactor  
  115  8:28  Command Center  
  115  8:30  Infernal Pre-Igniter  
  115  8:32  Viking  
  115  8:33  Viking  
  116  8:38  Missile Turret  
  116  8:39  Supply Depot, Missile Turret  
  116  8:40  Hellion x2  
  120  8:46  Siege Tank  
  120  8:47  Siege Tank  
  126  8:53  Supply Depot x2  
  126  9:05  Factory Tech Lab  
  126  9:07  Hellion x2  
  126  9:09  Viking x2  
  134  9:12  Hellion x2  
  138  9:18  Supply Depot  
  138  9:21  Factory  
  138  9:23  Factory  
  138  9:24  Factory  
  138  9:26  Barracks Reactor  
  138  9:30  Siege Tank  
  141  9:33  Supply Depot  
  141  9:34  Siege Tank  
  141  9:35  Supply Depot  
  133  9:40  Hellion x3  
  133  9:41  Hellion  
  133  9:45  Viking x2  
  141  10:01  Hellion  
  141  10:02  Hellion x3, Terran Vehicle Weapons Level 2  
  141  10:04  Terran Vehicle And Ship Armor Level 2  
  147  10:10  Factory Tech Lab  
  147  10:11  Factory Tech Lab  
  147  10:12  Factory Tech Lab  
  145  10:15  SCV x2  
  145  10:16  SCV  
  148  10:23  Siege Tank x2  
  148  10:26  Hellion x4  
  148  10:27  Hellion x2  
  166  10:31  Missile Turret  
  166  10:32  Planetary Fortress  
  166  10:34  Refinery  
  166  10:37  Refinery  
  166  10:42  Missile Turret  
  166  10:45  Missile Turret, Sensor Tower  
  166  10:47  Supply Depot x2  
  166  10:52  Siege Tank  
  166  10:53  Hellion x5  
  179  11:00  Thor  
  185  11:10  Smart Servos  
  174  11:25  Siege Tank x3  
  155  11:29  Hellion  
  155  11:30  SCV x3, Hellion x5  
  172  11:35  SCV  
  169  11:42  SCV  
  169  11:45  SCV x2  
  172  11:47  SCV  
  172  11:52  Missile Turret  
  173  11:56  Supply Depot  
  173  11:59  Thor x2  
  173  12:00  Supply Depot, Siege Tank  
  188  12:17  SCV  
  188  12:18  SCV, Siege Tank  
  188  12:21  Command Center  
  193  12:28  Terran Vehicle Weapons Level 3, Terran Vehicle And Ship Armor Level 3  
  196  12:37  Siege Tank x2  
  196  12:42  Siege Tank  
  197  12:46  Viking x2  
  184  12:54  Thor  
  184  12:58  Hellion x4  
  175  13:11  Thor  
  158  13:19  Thor  
  131  13:32  Viking x2  
  135  13:38  Thor  
  139  13:42  Planetary Fortress  
  139  14:02  Thor, Siege Tank  
  148  14:03  Hellion x4  
  148  14:05  SCV x2  
  148  14:06  SCV  
  154  14:17  Sensor Tower  
  154  14:18  Viking  
  154  14:21  Unknown  
  156  14:25  Siege Tank  
  159  14:31  Siege Tank x2  
  159  14:34  Viking  
  166  14:38  SCV x2  
  166  14:39  SCV x2  
  172  14:45  Siege Tank x2  
  172  14:49  Missile Turret  
  175  14:57  Thor  
  175  14:58  Hellion x4  
  189  15:01  Hellion  
  154  15:16  Siege Tank x2  
  154  15:17  Siege Tank  
  154  15:18  Siege Tank  
  154  15:19  SCV x3  
  169  15:24  Viking x2, Hellion  
  169  15:25  Hellion x3  
  168  15:45  Thor  
  168  15:47  Hellion x4  
  168  15:48  Thor, Siege Tank  
  168  15:49  Hellion x2  
  195  15:50  Hellion  
  195  15:55  Viking x2  
  199  16:15  Command Center  
  199  16:18  Missile Turret  
  199  16:26  Missile Turret  
  187  16:50  Thor x5  
  187  16:53  Viking x2  
  175  17:08  Hellion  
  175  17:09  Hellion x3  
  175  17:15  SCV x3  
  184  17:23  Viking x2  
  188  17:31  Hellion  
  188  17:32  Hellion x3  
  188  17:33  Hellion  
  198  17:39  Planetary Fortress  
  198  17:40  Refinery  
  198  17:42  Refinery  
  198  17:44  Terran Ship Weapons Level 1  
  198  17:49  Missile Turret  
  198  17:50  Missile Turret x2  
  198  17:53  Viking  
  200  18:11  Thor x5  
  174  18:13  Hellion x2  
  174  18:14  Hellion x2  
  166  18:20  Viking  
  166  18:23  Viking  
  167  18:35  Hellion x3  
  167  18:36  Hellion x3  
  179  18:50  Viking  
  179  18:54  Thor, Siege Tank x2  
  189  19:00  Hellion x13  
  188  19:09  Thor x2  
  197  19:10  Hellion  
  197  19:22  Viking  
  199  19:30  Missile Turret  
  199  19:32  Missile Turret  
  199  19:34  Command Center  
  199  20:06  Siege Tank  
  199  20:07  Siege Tank x3  
  164  20:13  Viking x2, Hellion x5  
  147  20:14  Thor  
  125  20:29  Hellion  
  125  20:34  Hellion  
  133  20:35  Hellion  
  133  20:36  Hellion x3  
  133  20:38  Thor  
  133  20:39  Siege Tank x2  
  149  20:52  Viking x2  
  153  20:59  Thor  
  153  21:00  Thor  
  152  21:15  Thor x2  
  152  21:25  Viking x2  
  156  21:32  Thor  
  134  21:58  Thor x3  
  134  22:00  Hellion  
  151  22:01  Hellion  
  151  22:08  Siege Tank  
  146  22:15  Siege Tank  
  147  22:21  Viking x2, Hellion x2  
  125  22:40  Thor  
  127  22:57  Thor  
  131  22:59  Hellion x2  
  131  23:00  Hellion x2  
  131  23:05  Hellion  
  120  23:23  Thor  
  98  23:27  Hellion  
  98  23:28  Hellion x2  
  98  23:30  Hellion  
  98  23:31  Hellion x2  
  100  23:35  Hellion  
  102  23:45  Thor  
  102  23:47  Hellion  
  110  23:50  Hellion  
  108  24:03  Siege Tank  
  108  24:05  Hellion x3  
Show
View Real Time Build Order
Export as new Build Order

LiquidClem Terran - Winner!

Build Orders:  

Get SALT Encoding   

  12  0:01  SCV  
  13  0:13  SCV  
  14  0:17  Supply Depot  
  14  0:25  SCV  
  15  0:29  Refinery  
  15  0:38  SCV  
  16  0:44  Barracks  
  16  0:50  SCV  
  16  0:55  Refinery  
  17  1:03  SCV  
  18  1:15  SCV  
  19  1:30  Orbital Command  
  19  1:31  Reaper  
  20  1:34  Factory  
  20  1:43  Supply Depot  
  20  1:57  SCV  
  21  2:03  Reaper  
  22  2:09  SCV  
  23  2:19  Hellion  
  23  2:21  SCV  
  26  2:27  Command Center  
  26  2:34  Starport  
  26  2:38  SCV  
  26  2:39  Barracks Reactor  
  27  2:45  Hellion  
  27  2:51  Supply Depot  
  29  2:52  SCV  
  30  3:04  SCV  
  31  3:08  Factory Tech Lab  
  31  3:14  Medivac  
  31  3:16  SCV, Marine  
  31  3:17  Marine  
  36  3:24  Refinery  
  36  3:26  Cyclone  
  39  3:38  SCV, Marine x2  
  42  3:42  Orbital Command  
  42  3:45  Starport Tech Lab  
  42  3:50  SCV  
  43  3:56  Marine x2  
  45  4:04  Raven  
  45  4:07  SCV  
  48  4:10  SCV  
  48  4:11  Supply Depot  
  48  4:15  Cyclone  
  52  4:17  Marine  
  52  4:19  Marine  
  52  4:22  SCV  
  50  4:26  SCV  
  51  4:34  SCV  
  51  4:35  Marine  
  51  4:37  Marine  
  54  4:38  SCV  
  54  4:44  Supply Depot  
  55  4:46  Raven  
  55  4:47  Cyclone  
  55  4:50  SCV  
  55  4:51  SCV  
  62  5:00  Supply Depot  
  62  5:05  SCV x2, Marine x2  
  66  5:17  Command Center  
  66  5:19  SCV  
  66  5:22  SCV, Supply Depot  
  66  5:27  Marine x2  
  69  5:29  Raven  
  69  5:30  Siege Tank  
  69  5:34  Supply Depot  
  74  5:35  SCV  
  73  5:43  SCV  
  73  5:45  Marine  
  73  5:48  Command Center  
  75  5:55  Barracks  
  75  5:56  Barracks  
  75  5:57  SCV  
  75  5:59  Marine  
  75  6:04  SCV, Siege Tank  
  75  6:12  SCV, Refinery  
  78  6:22  SCV  
  78  6:24  SCV  
  78  6:27  Engineering Bay  
  78  6:28  Starport Reactor, Engineering Bay  
  78  6:34  SCV  
  78  6:35  Stimpack  
  78  6:36  SCV, Marine  
  78  6:38  Siege Tank  
  84  6:44  Supply Depot  
  84  6:46  SCV, Barracks Tech Lab  
  82  6:51  SCV  
  80  6:56  Marauder  
  80  6:58  SCV  
  80  7:01  Marine x2  
  83  7:05  SCV, Orbital Command  
  83  7:09  Marauder  
  83  7:13  Siege Tank  
  88  7:20  Marauder, Marine  
  88  7:21  Marine  
  88  7:22  Combat Shield  
  92  7:27  SCV  
  93  7:33  Terran Infantry Weapons Level 1, Terran Infantry Armor Level 1  
  93  7:35  SCV  
  95  7:37  SCV  
  95  7:40  Marine x2  
  95  7:41  Marine x2  
  95  7:42  SCV  
  99  7:47  SCV  
  99  7:49  SCV  
  101  7:53  Siege Tank  
  101  7:54  SCV  
  101  7:58  Marine x2  
  104  7:59  Marine  
  104  8:05  SCV, Viking  
  109  8:06  Medivac  
  109  8:08  Supply Depot  
  109  8:11  Marauder  
  109  8:12  SCV x2  
  115  8:16  Marine x2  
  115  8:19  Marine  
  112  8:21  SCV  
  112  8:26  SCV  
  113  8:27  Siege Tank  
  113  8:31  SCV, Supply Depot  
  113  8:32  Marine  
  113  8:33  SCV  
  119  8:36  Refinery, Marine x2  
  119  8:37  Refinery  
  119  8:38  SCV  
  122  8:41  Marauder  
  122  8:43  SCV  
  122  8:47  Concussive Shells  
  125  8:51  Marauder  
  125  8:53  SCV x2  
  125  8:55  Barracks x2  
  129  8:56  SCV  
  130  9:03  Armory, Marauder  
  130  9:07  Command Center  
  132  9:11  SCV x2  
  132  9:12  SCV  
  132  9:15  Supply Depot  
  132  9:16  Marine x2  
  137  9:18  Marauder  
  139  9:24  Marauder  
  139  9:27  Supply Depot  
  141  9:34  SCV x2  
  141  9:37  Siege Tank  
  141  9:39  Marauder  
  141  9:40  Supply Depot, Starport, Marine x2  
  141  9:42  SCV, Starport  
  141  9:45  Medivac  
  148  9:48  Medivac  
  148  9:49  Marauder  
  148  9:50  SCV  
  148  9:53  SCV  
  148  9:55  SCV  
  148  9:57  Marine x2  
  151  10:02  SCV  
  151  10:05  SCV  
  151  10:06  Terran Infantry Armor Level 2  
  153  10:07  SCV, Terran Infantry Weapons Level 2  
  153  10:11  Terran Vehicle And Ship Armor Level 1  
  154  10:14  SCV  
  154  10:20  SCV  
  156  10:22  Barracks Reactor, Barracks Tech Lab  
  156  10:23  Marine x2  
  156  10:24  SCV  
  156  10:27  Unknown  
  159  10:31  Siege Tank  
  159  10:33  Marauder  
  159  10:34  SCV  
  159  10:35  Marauder  
  167  10:38  Supply Depot  
  167  10:40  Starport Reactor  
  167  10:41  Starport Reactor  
  167  10:42  Viking  
  169  10:46  Planetary Fortress  
  169  10:49  Viking  
  171  10:54  Marauder  
  171  10:56  SCV  
  172  11:06  Supply Depot  
  172  11:10  Command Center, Marine, Siege Tank  
  176  11:12  Viking  
  165  11:23  Viking x4  
  165  11:24  Marauder x2  
  167  11:26  Marauder  
  167  11:29  Marine x4  
  167  11:31  Viking  
  170  11:39  Supply Depot  
  170  11:42  SCV, Siege Tank  
  170  11:45  Sensor Tower  
  174  11:49  Viking  
  174  11:50  Fusion Core  
  174  11:53  Viking x2, Marine x2  
  174  11:54  Marauder  
  186  11:57  Liberator  
  186  12:01  Liberator  
  190  12:03  Marine x2  
  190  12:05  Marauder  
  190  12:07  Terran Vehicle And Ship Armor Level 2  
  194  12:09  Refinery  
  194  12:12  SCV x2  
  194  12:13  Refinery  
  194  12:15  Armory  
  196  12:20  Command Center  
  195  12:23  SCV  
  195  12:24  Marauder  
  198  12:44  Liberator  
  188  12:53  Liberator  
  188  12:54  Siege Tank  
  188  12:57  Marauder  
  180  13:03  Marauder  
  180  13:04  Liberator x2  
  186  13:06  Marauder  
  186  13:12  Marine x2  
  180  13:15  Planetary Fortress  
  180  13:18  Marauder  
  176  13:20  Command Center  
  176  13:21  Command Center  
  176  13:24  Marine  
  176  13:25  Marauder, Liberator  
  176  13:26  Marine, Siege Tank  
  162  13:27  Marauder  
  162  13:30  Marine  
  162  13:33  Terran Ship Weapons Level 1  
  165  13:38  Missile Turret  
  165  13:39  Marauder  
  167  13:42  Marine x2  
  167  13:43  Advanced Ballistics  
  167  13:46  SCV x2, Marauder  
  167  13:48  SCV  
  174  13:49  Marauder  
  174  13:52  Viking  
  174  13:53  Command Center  
  178  13:56  Marine x2  
  178  14:00  Liberator x2  
  186  14:04  Liberator  
  186  14:19  Viking, Liberator  
  186  14:21  Supply Depot  
  186  14:22  Viking  
  193  14:24  Supply Depot  
  193  14:35  Unknown  
  193  14:39  Orbital Command  
  193  14:40  Command Center  
  193  14:45  Viking x2  
  197  14:47  Viking  
  199  15:04  Liberator  
  199  15:06  Liberator  
  193  15:08  Siege Tank  
  193  15:10  Liberator  
  193  15:11  Marauder  
  173  15:14  Marine, Liberator  
  173  15:15  Marauder  
  173  15:16  Marine x3  
  173  15:18  Liberator  
  173  15:19  Liberator  
  173  15:20  Marauder  
  187  15:31  Planetary Fortress  
  183  15:35  SCV  
  183  15:39  SCV  
  183  15:41  Marine x4  
  183  15:42  Marauder  
  165  15:47  Siege Tank, Liberator  
  165  15:49  Marine, Liberator  
  165  15:50  Marauder  
  165  15:52  Liberator  
  165  15:56  SCV x2  
  173  15:59  Marine  
  173  16:02  Liberator  
  173  16:03  Marauder  
  178  16:05  Terran Ship Weapons Level 2  
  178  16:07  Refinery  
  178  16:11  Terran Vehicle And Ship Armor Level 3  
  178  16:12  Refinery x2  
  178  16:13  Marine x2  
  178  16:15  Refinery  
  180  16:20  Orbital Command  
  180  16:24  Liberator  
  183  16:26  Marine x4  
  183  16:27  Marauder  
  183  16:32  Liberator  
  188  16:39  Liberator  
  191  16:41  Siege Tank  
  191  16:49  Marauder, Marine, Liberator  
  190  16:56  Liberator  
  190  17:05  Marine x2  
  190  17:07  Marauder  
  191  17:09  Liberator  
  191  17:15  Marauder x2, Marine  
  199  17:21  Terran Infantry Weapons Level 3  
  199  17:28  Medivac, Liberator  
  199  17:29  Marine x2  
  198  17:30  Marauder  
  198  17:34  Marine  
  198  17:35  Planetary Fortress  
  200  17:38  Missile Turret  
  200  17:39  Missile Turret  
  200  17:55  Command Center x2  
  195  17:59  Sensor Tower  
  195  18:00  Siege Tank  
  194  18:12  Liberator  
  149  18:14  Marauder, Marine x2  
  149  18:17  Marauder, Marine  
  149  18:19  Marine  
  150  18:20  Marauder  
  150  18:28  Liberator x2  
  150  18:29  Orbital Command  
  150  18:32  Marine x2, Siege Tank  
  161  18:36  SCV x2, Marauder  
  161  18:37  Marine x2  
  161  18:38  Marauder  
  168  18:41  Marauder  
  168  18:43  SCV  
  162  18:50  Marine  
  162  18:51  Viking  
  162  18:54  SCV  
  162  18:55  SCV  
  167  18:57  Marauder  
  167  19:00  Marauder  
  171  19:03  Viking  
  171  19:04  Viking  
  171  19:05  Siege Tank  
  178  19:15  Marauder  
  178  19:16  Liberator  
  180  19:17  Viking  
  180  19:19  Marauder  
  184  19:24  Viking x2  
  184  19:31  Orbital Command  
  188  19:37  Liberator  
  191  19:38  Liberator  
  194  19:45  Orbital Command  
  194  19:47  Liberator  
  197  19:54  Liberator  
  197  20:02  Liberator  
  197  20:05  Marauder, Marine x2  
  183  20:08  Liberator  
  183  20:09  Marauder, Marine x2  
  183  20:11  Marauder  
  166  20:16  Orbital Command  
  161  20:23  Marine  
  161  20:27  SCV x3  
  165  20:30  Siege Tank  
  165  20:32  Marine x4  
  165  20:34  Liberator x2  
  178  20:42  Unknown  
  178  20:45  Liberator x2  
  184  20:52  Liberator x2  
  190  21:03  Siege Tank  
  193  21:05  Marauder x2  
  189  21:14  Marine x2  
  189  21:16  SCV  
  189  21:17  Marine, Liberator x2  
  192  21:28  Liberator  
  192  21:29  Liberator  
  198  21:45  Marauder, Liberator x2  
  200  21:53  Marauder, Marine  
  185  22:00  Marine, Liberator x2  
  185  22:01  Marine x2  
  191  22:02  Marauder  
  191  22:06  Marauder  
  192  22:11  Command Center  
  192  22:15  Marauder  
  189  22:24  Siege Tank  
  189  22:25  Liberator x2  
  195  22:37  Terran Vehicle Weapons Level 1  
  191  22:44  Command Center  
  188  23:03  Liberator x2, Siege Tank  
  188  23:04  Liberator  
  192  23:06  Marine  
  192  23:07  Marauder  
  184  23:17  Marauder, Marine  
  184  23:22  Liberator x2  
  184  23:23  Marauder, Marine  
  184  23:28  Marauder, Liberator  
  184  23:29  Marine x2  
  179  23:37  SCV x2  
  179  23:39  Marauder  
  182  23:42  Siege Tank  
  182  23:43  SCV  
  182  23:46  SCV, Unknown  
  185  23:53  Marauder  
  185  23:55  SCV, Marine  
  184  23:56  Marauder  
  184  24:01  Marine x2  
  188  24:23  SCV  
Tags
 
Add a new tag
Caveats
  • Supply blocks, unpowered buildings, or Contaminate may cause inaccurate times.
  • Supply counts are checked every 10 seconds.